 Dungeon Crawl Stone Soup version 0.23-a0-100-g33897af (webtiles) character file.

1960 Kidiri the Thaumaturge (level 9, -9/45 HPs)
             Began as a Deep Elf Fire Elementalist on Aug 18, 2018.
             Shot with an arrow by a centaur (12 damage)
             ... on level 6 of the Dungeon.
             The game lasted 00:24:00 (6661 turns).

Kidiri the Thaumaturge (Deep Elf Fire Elementalist) Turns: 6661, Time: 00:24:01

Health: -9/45      AC:  3    Str: 10    XL:     9   Next: 0%
Magic:  10/26      EV: 13    Int: 24    God:
Gold:   263        SH:  0    Dex: 15    Spells: 12/30 levels left

rFire    . . .     SeeInvis .   y - +2 dagger (venom)
rCold    . . .     Gourm    .   (no shield)
rNeg     . . .     Faith    .   a - +0 robe
rPois    .         Spirit   .   (no helmet)
rElec    .         Reflect  .   d - +0 cloak
rCorr    .         Harm     .   (no gloves)
MR       .....                  (no boots)
Stlth    ++........             (no amulet)
HPRegen  0.15/turn              (no ring)
MPRegen  0.20/turn              (no ring)

@: mighty
A: no striking features
a: no special abilities


You were on level 6 of the Dungeon.
You were not hungry.

You visited 1 branch of the dungeon, and saw 6 of its levels.

You collected 263 gold pieces.

Inventory:

Hand Weapons
 y - a +2 dagger of venom (weapon)
Missiles
 x - 2 throwing nets (quivered)
Armour
 a - a +0 robe (worn)
 d - a +0 cloak (worn)
 g - a +2 ring mail of poison resistance
Wands
 j - a wand of clouds (5)
 n - a wand of iceblast (6)
 p - a wand of polymorph (12)
Scrolls
 f - a scroll of amnesia {unknown}
 i - a scroll of immolation
 k - 2 scrolls of teleportation
 l - 5 scrolls of fog {unknown}
 u - 3 scrolls of random uselessness {unknown}
 z - a scroll of remove curse
 A - a scroll of enchant armour {unknown}
 B - a scroll of identify
Potions
 b - a potion of haste
 e - a potion of invisibility
 h - 2 potions of mutation
 m - a potion of brilliance
 o - a potion of lignification
 q - a potion of berserk rage
 r - 4 potions of might
 s - 3 potions of curing
 t - 3 potions of heal wounds {unknown}
 w - a potion of ambrosia {unknown}
Comestibles
 c - 9 rations
 v - 2 chunks of flesh


   Skills:
 - Level 2.4 Dodging
 - Level 2.4 Stealth
 * Level 11.1 Spellcasting
 + Level 6.4 Conjurations
 + Level 7.2 Fire Magic


You had 12 spell levels left.
You knew the following spells:

 Your Spells              Type           Power        Failure   Level  Hunger
a - Flame Tongue          Conj/Fire      #####        1%          1    None
b - Throw Flame           Conj/Fire      #####.       1%          2    None
c - Conjure Flame         Conj/Fire      #####...     1%          3    None
d - Inner Flame           Hex/Fire       ####....     3%          3    None
e - Sticky Flame          Conj/Fire      #####...     2%          4    None
f - Fireball              Conj/Fire      #####.....   8%          5    ####...

Your spell library contained the following spells:

 Spells                   Type           Power        Failure   Level  Hunger


Dungeon Overview and Level Annotations

Branches:
Dungeon (6/15)
 Temple: D:4-7

Altars:
Okawaru
Trog
Xom


Message History

* * * LOW HITPOINT WARNING * * *
The centaur is engulfed in blazing flames.
The centaur shoots an arrow.
The arrow hits you.
* * * LOW HITPOINT WARNING * * *
Unknown command.
Okay, then.
Unknown command.
It was a potion of might.
You feel very mighty all of a sudden.
The centaur is engulfed in blazing flames.
You kill the centaur!
You have reached level 9!
Your experience leads to an increase in your attributes!
Your base attributes are Str 5, Int 23, Dex 15.
Increase (S)trength, (I)ntelligence, or (D)exterity?
You feel clever.
The centaur shoots an arrow.
The arrow closely misses you.
The orc throws a stone.
The stone closely misses you.
The centaur shoots an arrow.
The arrow hits you!
You die...

..##### ##o##..... . #.o#.....
##.#..... #.#.._... #.O.....
#####'#.....# ##......
#...>.......# #......
+..........# ##.....
#........c################.....
+........+.(..@§§§o.....o...###
#........########§.........(#
#.....)..# #..%........#
#........# #..........>...
#....)...# #.........#####
#####)...#########'########
#....')....# #.#
#....#####.###.# #....#
#.#...########


You could see a centaur and an orc.

Vanquished Creatures
  Prince Ribbit (D:5)
  A hippogriff (D:5)
  Eustachio (D:5)
  An ice beast (D:5)
  A phantom (D:4)
  4 ogres
  2 centaurs
  2 bullfrogs (D:6)
  A scorpion (D:4)
  A crimson imp (D:5)
  An orc priest (D:6)
  A hound (D:4)
  3 orc wizards
  A bullfrog skeleton (D:4)
  2 iguanas (D:4)
  Natasha (thrice) (D:2)
  A worker ant (D:6)
  10 adders
  2 shadow imps (D:5)
  An adder skeleton (D:4)
  2 worms (D:2)
  7 leopard geckos
  24 orcs
  10 giant cockroaches
  7 goblins
  13 hobgoblins
  4 jackals
  7 kobolds
  3 quokkas
  4 ball pythons
  11 bats
  7 frilled lizards
  11 rats
150 creatures vanquished.

Notes
Turn   | Place    | Note
-------+----------+-------------------------------------------
     0 | D:1      | Kidiri the Deep Elf Fire Elementalist began the quest for the Orb.
     0 | D:1      | Reached XP level 1. HP: 10/10 MP: 6/6
   289 | D:1      | Reached XP level 2. HP: 15/15 MP: 5/8
   293 | D:1      | Learned a level 2 spell: Throw Flame
  1118 | D:1      | Reached skill level 4 in Spellcasting
  1344 | D:2      | Reached XP level 3. HP: 19/19 MP: 6/10
  1349 | D:2      | Learned a level 3 spell: Conjure Flame
  1353 | D:2      | Learned a level 3 spell: Inner Flame
  1367 | D:2      | Noticed Natasha
  1589 | D:2      | Killed Natasha
  1701 | D:2      | Reached XP level 4. HP: 22/24 MP: 5/12
  1836 | D:2      | Noticed Natasha
  1838 | D:2      | Noticed a centaur
  1843 | D:2      | Killed Natasha
  1843 | D:2      | Reached skill level 5 in Spellcasting
  2084 | D:2      | Learned a level 4 spell: Sticky Flame
  2096 | D:2      | Killed a centaur
  2096 | D:2      | Reached XP level 5. HP: 14/28 MP: 8/15
  2551 | D:2      | Noticed Natasha
  2556 | D:2      | Reached skill level 6 in Spellcasting
  2558 | D:2      | Killed Natasha
  2854 | D:2      | Found a shimmering altar of Xom.
  3209 | D:3      | Noticed an ogre
  3218 | D:3      | Reached XP level 6. HP: 32/32 MP: 11/17
  3473 | D:3      | Learned a level 5 spell: Fireball
  3848 | D:3      | Reached skill level 7 in Spellcasting
  3848 | D:3      | Reached skill level 5 in Fire Magic
  4474 | D:4      | Reached XP level 7. HP: 36/36 MP: 17/20
  4644 | D:4      | Reached skill level 8 in Spellcasting
  5505 | D:5      | Entered Level 5 of the Dungeon
  5505 | D:5      | Noticed Eustachio
  5513 | D:5      | Killed Eustachio
  5513 | D:5      | Reached skill level 9 in Spellcasting
  5513 | D:5      | Reached skill level 5 in Conjurations
  5513 | D:5      | Reached XP level 8. HP: 37/41 MP: 12/23
  5694 | D:5      | Noticed Prince Ribbit
  5924 | D:5      | Found a bloodstained altar of Trog.
  5925 | D:5      | Noticed a hippogriff
  5938 | D:5      | Killed a hippogriff
  6237 | D:5      | Killed Prince Ribbit
  6237 | D:5      | Reached skill level 10 in Spellcasting
  6542 | D:6      | Found an iron altar of Okawaru.
  6660 | D:6      | Reached skill level 11 in Spellcasting
  6660 | D:6      | HP: 2/41 [centaur/arrow (5)]
  6661 | D:6      | Reached XP level 9. HP: 3/45 MP: 10/26
  6661 | D:6      | Shot with an arrow by a centaur

Vault maps used:
D:1:      nicolae_arrival_memento_mori, serial_bayou_lake_a
D:2:      kennysheep_big_flooded_room, tgw_xom, uniq_natasha
D:3:      serial_bayou_crossing
D:4:      hangedman_decor_diamond_cutter
D:5:      first_ration, trog_butcher_becter, uniq_prince_ribbit1, uniq_eustachio
D:6:      basic_altar

Skill      XL: |  1  2  3  4  5  6  7  8 |
---------------+-------------------------+-----
Spellcasting   | 4 5 6 7 9 11 | 11.1
Conjurations   | 2 3 4 5 6 |  6.4
Fire Magic     | 4 5 6 7 |  7.2
Dodging        | |  2.4
Stealth        | |  2.4

Action                   |  1- 3 |  4- 6 |  7- 9 || total
-------------------------+-------+-------+-------++-------
Melee: Dagger            |     4 |     5 |    54 ||    63
       Unarmed           |       |     8 |       ||     8
 Cast: Flame Tongue      |    60 |    97 |    74 ||   231
       Throw Flame       |     3 |    30 |     2 ||    35
       Sticky Flame      |       |     3 |     9 ||    12
       Conjure Flame     |       |     1 |     2 ||     3
       Inner Flame       |       |       |     1 ||     1
  Use: Scroll            |     3 |    10 |     1 ||    14
       Potion            |       |     3 |     1 ||     4
 Stab: Confused          |       |     3 |       ||     3
       Sleeping          |       |     2 |     5 ||     7
       Distracted        |       |       |     1 ||     1
  Eat: Ration            |     1 |       |       ||     1
       Chunk             |       |     8 |     7 ||    15
Armor: Robe              |     8 |    11 |    12 ||    31
       Skin              |       |     2 |       ||     2
Dodge: Dodged            |    27 |    40 |    68 ||   135

Table legend:
 A = Non-vault XP
 B = Vault XP
 C = Vault XP percentage of total XP
 D = Non-vault monster count
 E = Vault monster count
 F = Vault count percentage of total count
                 A         B        C        D         E       F
            +---------+---------+-------+---------+---------+-------
      Total |    2161 |     639 |  22.8 |     134 |      16 |  10.7
            +---------+---------+-------+---------+---------+-------
        D:1 |      34 |       0 |   0.0 |      23 |       0 |   0.0
        D:2 |     158 |     157 |  49.8 |      28 |       9 |  24.3
        D:3 |     280 |       0 |   0.0 |      38 |       0 |   0.0
        D:4 |     647 |       2 |   0.3 |      18 |       1 |   5.3
        D:5 |     490 |     480 |  49.5 |      14 |       6 |  30.0
        D:6 |     552 |       0 |   0.0 |      13 |       0 |   0.0
            +---------+---------+-------+---------+---------+-------
